 Dungeon Crawl Stone Soup version 0.26-a0-940-gf7e0b5f775 (webtiles) character file.

Game seed: 1128921813458110788

102 miscthings the Vexing (level 4, -1/24 HPs)
             Began as a Vampire Enchanter on Nov 28, 2020.
             Killed from afar by Sigmund (5 damage)
             ... with a magic dart
             ... on level 3 of the Dungeon.
             The game lasted 00:04:17 (1788 turns).

miscthings the Vexing (Vampire Enchanter)           Turns: 1788, Time: 00:04:17

Health: -1/24      AC:  3    Str:  8    XL:     4   Next: 49%
Magic:  4/8        EV: 12    Int: 17    God:
Gold:   127        SH:  0    Dex: 14    Spells: 6/9 levels left

rFire    . . .     SeeInvis +   a - +1 dagger
rCold    + + .     Faith    .   (no shield)
rNeg     + + +     Spirit   .   b - +0 robe
rPois    ∞         Reflect  .   (no helmet)
rElec    .         Harm     .   (no cloak)
rCorr    .         Rampage  .   e - +0 pair of gloves
MR       .....                  (no boots)
Stlth    ++++......             (no amulet)
HPRegen  0.00/turn              l - ring of stealth
MPRegen  0.11/turn              (no ring)

@: confused, bloodless
A: fangs 3, see invisible, unbreathing
a: Bat Form, Revivify


You were on level 3 of the Dungeon.
You visited 1 branch of the dungeon, and saw 3 of its levels.

You collected 127 gold pieces.

Inventory:

Hand Weapons
 a - a +1 dagger (weapon)
Armour
 b - a +0 robe (worn)
 e - a +0 pair of gloves (worn)
Jewellery
 l - a ring of stealth (left hand)
 q - an uncursed ring of wizardry {unknown}
Scrolls
 f - 2 scrolls of enchant armour {unknown}
 i - a scroll of magic mapping {unknown}
 k - a scroll of remove curse {unknown}
 m - a scroll of fog {unknown}
 n - a scroll of amnesia {unknown}
 p - 3 scrolls of enchant weapon {unknown}
Potions
 c - a potion of haste {unknown}
 d - a potion of degeneration {unknown}
 g - 3 potions of lignification {unknown}
 h - a potion of ambrosia {unknown}
 j - a potion of magic {unknown}
 o - a potion of might {unknown}


   Skills:
 - Level 1.1 Short Blades
 - Level 2.1 Dodging
 - Level 4.4 Stealth
 + Level 3.0 Spellcasting
 + Level 6.8 Hexes


You had 6 spell levels left.
You knew the following spells:

 Your Spells              Type           Power        Failure   Level
a - Ensorcelled Hibernat  Hex/Ice        ##....       7%          2
b - Corona                Hex            ####...      1%          1

Your spell library contained the following spells:

 Spells                   Type           Power        Failure   Level
 Confusing Touch          Hex            ####....     3%          3
 Tukima's Dance           Hex            ####....     3%          3
 Dazzling Flash           Conj/Hex       ##....       13%         3


Dungeon Overview and Level Annotations

Branches:
Dungeon (3/15)

Altars:
Elyvilon
Gozag

Annotations:
D:3 Sigmund


Innate Abilities, Weirdness & Mutations

You do not regenerate when monsters are visible.
You are frail without blood (-20% HP).
You can heal yourself when you bite living creatures.
You are immune to poison.
You have razor-sharp teeth.
You have supernaturally acute eyesight. (SInv)
You can survive without breathing.


Message History

Casting: Ensorcelled Hibernation (safe; 7% risk of failure)
Confirm with . or Enter, or press ? or * to list all spells.
Aiming: Ensorcelled Hibernation (safe; 7% risk of failure)
Press: ? - help, Shift-Dir - straight line, f/p - Sigmund
Aim: Sigmund, wielding a +3 scythe of flaming and wearing a +0 robe (heavily wounded, slightly transparent, chance to defeat MR: 53%) Sigmund looks drowsy...
The helpless Sigmund fails to defend himself.
You bite Sigmund, and draw his blood!
You feel better.
You puncture Sigmund! Your bite misses Sigmund.
Sigmund is almost dead.
Sigmund flickers, as though insubstantial.
Sigmund gestures at you while chanting. The magic dart hits you!
* * * LOW HITPOINT WARNING * * *
Sigmund points at you and mumbles some strange words.
You are confused.
You bump into the rock wall.
Sigmund points at you and mumbles some strange words.
The magic dart hits you.
You die...

#.###..##### #.##
#..........# #..# ###
##......###.######...
..+.....
+...................)
.......
##.....####.######...
...... #..........#
#..# ....
####.....###### #†##
#... ..###<###
#####.## #..# #.# #@#
#.......
#..####.###.#
#.###.##
#.........@.# #.# #.#
#...###.##### #.#
#.## ##...###.# #.#
#... #####.....##.#
#.# ####
.............# #.#
#######.######
#.###### ### #.......


You could see Sigmund (invisible).

Vanquished Creatures
  3 adders (D:2)
  2 oozes (D:2)
  3 worms (D:2)
  A dart slug (D:2)
  5 leopard geckos
  An orc (D:2)
  A ball python (D:2)
  A giant cockroach (D:1)
  3 goblins (D:2)
  5 hobgoblins
  2 jackals (D:2)
  2 quokkas
  7 bats
  3 frilled lizards
  4 kobolds
  6 rats
49 creatures vanquished.

Notes
Turn   | Place    | Note
-------+----------+-------------------------------------------
     0 | D:1      | miscthings the Vampire Enchanter began the quest for the
                  | Orb.
     0 | D:1      | Reached XP level 1. HP: 13/13 MP: 3/3
     0 | D:1      | Noticed a minotaur zombie
     0 | D:1      | Noticed a merfolk zombie
     2 | D:1      | Noticed a merfolk zombie
   133 | D:1      | Reached skill level 5 in Hexes
   134 | D:1      | Reached XP level 2. HP: 10/19 MP: 3/5
   539 | D:1      | Learned a level 2 spell: Ensorcelled Hibernation
   631 | D:2      | Reached XP level 3. HP: 24/24 MP: 6/6
   675 | D:2      | Reached skill level 6 in Hexes
   758 | D:2      | You fall into a shaft and drop 1 floor!
   815 | D:2      | Found a white marble altar of Elyvilon.
   886 | D:2      | Found an opulent altar of Gozag.
   992 | D:2      | Reached XP level 4. HP: 21/24 MP: 8/8
  1736 | D:3      | Noticed Sigmund
  1788 | D:3      | Killed from afar by Sigmund

Illustrated notes

Levels and vault maps discovered:
D:1:      shiori_arrival_whats_in_store_for_you, layout_rooms,
          minmay_strange_pillars
D:2:      wad_river_or_something, layout_loops_ring,
          nicolae_gozag_cash_rules_everything_around_me, elyvilon_altar_1
D:3:      layout_loops_corners, lemuel_coloured_pillars_altar, uniq_sigmund

Skill      XL: |  1  2  3  4 |
---------------+-------------+-----
Hexes          | 5 6 |  6.8
Spellcasting   | 3 |  3.0
Short Blades   | |  1.1
Dodging        | |  2.1
Stealth        | |  4.4

Action                   |  1- 3 |  4- 6 || total
-------------------------+-------+-------++-------
Melee: Dagger            |   114 |    37 ||   151
       Bite              |    10 |     2 ||    12
 Cast: Corona            |     6 |       ||     6
       Ensorcelled Hiber |     5 |     6 ||    11
 Abil: Exsanguinate      |     1 |       ||     1
 Stab: Sleeping          |    13 |    11 ||    24
Armor: Robe              |    23 |     5 ||    28
Dodge: Dodged            |    86 |    22 ||   108

Table legend: (Time is in decaauts)
 A = Elapsed time spent in this place.
 B = Non-inter-level travel time spent in this place.
 C = Inter-level travel time spent in this place.
 D = Time resting spent in this place.
 E = Time spent auto-exploring this place.
 F = Levels seen in this place.
 G = Mean time per level.
                   A        B        C        D        E       F      G
               +--------+--------+--------+--------+--------+-----+--------+
         Total |   1782 |   1727 |     55 |     46 |   1149 |   3 |  594.0 |
       Dungeon |   1782 |   1727 |     55 |     46 |   1149 |   3 |  594.0 |
               +--------+--------+--------+--------+--------+-----+--------+

Top non-repeatable levels by time:
     D:2: 927 daAuts
     D:1: 550 daAuts
     D:3: 303 daAuts
